 Dungeon Crawl Stone Soup version 0.21-a0-634-gaf8bc5d (webtiles) character file.

550607 Monsterracer the Acrobat (level 25, -21/269 HPs)
             Began as a Minotaur Fire Elementalist on Dec 29, 2017.
             Was the Champion of Trog.
             Demolished by Ellu Peell the pandemonium lord (30 damage)
             ... on level 5 of the Dungeon.
             The game lasted 02:02:38 (63351 turns).

Monsterracer the Acrobat (MiFE)                    Turns: 63351, Time: 02:02:40

Health: -21/269    AC: 29    Str: 23    XL:     25   Next: 4%
Magic:  21/21      EV: 23    Int:  9    God:    Trog [******]
Gold:   2810       SH: 23    Dex: 12    Spells: 26/26 levels left

rFire    + + .     SeeInvis .   a - +9 demon whip (vamp)
rCold    + . .     Gourm    .   j - +0 large shield {AC+3}
rNeg     . . .     Faith    .   y - +4 fire dragon scales
rPois    +         Spirit   .   J - +0 hat of Feluoka {rPois Str+3 Slay+2}
rElec    .         Reflect  .   p - scarf {rC+ rF+}
rCorr    .         Harm     .   n - +2 pair of gloves
MR       +++..     Rnd*Rage +   T - +2 pair of boots
Stlth    ..........             M - necklace of Bloodlust {*Rage +Rage MR++ Int-3 Slay+6 *Curse} (curse)
HPRegen  0.54/turn              s - ring "Davvace" {rF- rC+ Slay+6}
MPRegen  0.17/turn              E - +4 ring of slaying

@: about to teleport, berserk cooldown, slowed, very slow
A: retaliatory headbutt, horns 2, talons 1, clumsy 1, low mp 1, robust 1, weak
1, no potion heal 1, subdued magic 1, MP-powered wands
0: Orb of Zot
}: 3/15 runes: decaying, serpentine, slimy
a: Berserk, Trog's Hand, Brothers in Arms, Burn Spellbooks, Renounce Religion,
Evoke Berserk Rage


You were on level 5 of the Dungeon.
You worshipped Trog.
Trog was exalted by your worship.
You were not hungry.

You visited 9 branches of the dungeon, and saw 50 of its levels.
You also visited: Labyrinth and Bailey.

You collected 5606 gold pieces.
You spent 2796 gold pieces at shops.

Inventory:

Hand Weapons
 a - a +9 vampiric demon whip (weapon)
 b - the +2 broad axe "Qeec" {freeze, rF+ MR+}
   (Trog gifted it to you on level 2 of the Orcish Mines)

   It has been specially enchanted to freeze those struck by it, causing extra
   injury to most foes and up to half again as much damage against particularly
   susceptible opponents.
   It can also slow down cold-blooded creatures.
   It protects you from fire.
   It affects your resistance to hostile enchantments.
 w - the +4 war axe of Drought {flame, rElec rC+}
   (Trog gifted it to you on level 3 of the Snake Pit)

   It has been specially enchanted to burn those struck by it, causing extra
   injury to most foes and up to half again as much damage against particularly
   susceptible opponents.
   Big, fiery blades are also staple armaments of hydra-hunters.
   It protects you from cold.
   It insulates you from electricity.
Missiles
 v - 5 throwing nets (quivered)
Armour
 e - the +2 ice dragon scales "Sokhitax" {rElec rF- rC++ rCorr}
   (You found it on level 4 of the Depths)

   It makes you vulnerable to fire.
   It greatly protects you from cold.
   It insulates you from electricity.
   It protects you from acid and corrosion.
 j - a +0 large shield of protection (worn)
 n - a +2 pair of gloves (worn)
 p - a scarf of resistance (worn)
 y - +4 fire dragon scales (worn)
 J - the +0 hat of Feluoka (worn) {rPois Str+3 Slay+2}
   (You found it on level 5 of the Pits of Slime)

   It affects your strength (+3).
   It affects your accuracy and damage with ranged weapons and melee attacks
   (+2).
   It protects you from poison.
 O - a +2 cloak
 T - a +2 pair of boots (worn)
Jewellery
 i - an uncursed ring of protection from cold {!d}
 s - the ring "Davvace" (left hand) {rF- rC+ Slay+6}
   (You found it on level 5 of the Depths)

   [ring of protection from cold]

   It affects your accuracy and damage with ranged weapons and melee attacks
   (+6).
   It makes you vulnerable to fire.
   It protects you from cold.
 u - an uncursed ring of flight
 x - an uncursed ring of positive energy {!d}
 C - the ring "Quklew" {Str+3 SInv}
   (You found it on level 5 of the Depths)

   [ring of see invisible]

   It affects your strength (+3).
   It lets you see invisible.
 E - a +4 ring of slaying (right hand)
 M - the cursed necklace of Bloodlust (around neck) {*Rage +Rage MR++ Int-3 Slay+6 *Curse}
   (You found it in a labyrinth)

   [amulet of rage]

   It affects your intelligence (-3).
   It affects your accuracy and damage with ranged weapons and melee attacks
   (+6).
   It affects your resistance to hostile enchantments.
   It lets you go berserk.
   It may make you go berserk in combat.
   It curses itself when equipped.
   It has a curse placed upon it.
 P - an uncursed ring of protection from fire {!d}
 X - an uncursed ring of protection from magic {!d}
Wands
 g - a wand of digging (32)
 k - a wand of iceblast (48)
 H - a wand of flame (184)
 N - a wand of acid (30)
Scrolls
 d - 3 scrolls of holy word
 f - 22 scrolls of remove curse
 r - 5 scrolls of fog
 D - 8 scrolls of fear {!r}
 I - 6 scrolls of identify
 K - 8 scrolls of blinking
 W - 18 scrolls of teleportation
Potions
 h - 10 potions of heal wounds
 l - 20 potions of curing
 m - a potion of flight
 o - 2 potions of haste
 q - 2 potions of ambrosia {!q}
 t - a potion of cancellation
 z - 4 potions of berserk rage {!q}
 B - 3 potions of might
 F - a potion of resistance
 G - 2 potions of magic
 R - a potion of invisibility
 S - 2 potions of agility
Comestibles
 c - 48 rations


   Skills:
 - Level 23.9 Fighting
 - Level 17.9(19.3) Axes
 - Level 13.1(17.0) Maces & Flails
 - Level 19.1 Armour
 + Level 25.5 Dodging
 - Level 1.5 Stealth
 - Level 21.0 Shields
 - Level 1.3 Spellcasting
   Level 0.6 Conjurations
   Level 2.1 Fire Magic


You had 26 spell levels left.
You didn't know any spells.

Dungeon Overview and Level Annotations

Branches:
Dungeon (15/15)            Temple (0/1) D:5            Lair (6/6) D:9
  Swamp (4/4) Lair:3        Snake (4/4) Lair:2        Slime (5/5) Lair:5
    Orc (2/2) D:10            Elf (0/3) Orc:2        Vaults (4/5) D:14
  Crypt (0/3) Vaults:2     Depths (5/5) D:15            Zot (5/5) Depths:5

Altars:
Ashenzari
Dithmenos
Elyvilon
Fedhas
Hepliaklqana
Kikubaaqudgha
Nemelex Xobeh
Qazlal
Ru
Trog
Xom
Yredelemnul
Zin
The Shining One
Jiyva

Shops:
D:10 *   D:13 !   Orc:1 *   Orc:2 (:[*   Snake:2 *[   Snake:3 *   Vaults:1 =
Vaults:4 [   Depths:1 ==}*   Depths:5 (

Portals:
Hell: Depths:1 Depths:2 Depths:3 Depths:4
Abyss: Depths:4
Pandemonium: Depths:1 Depths:3
Ziggurat: Depths:1


Innate Abilities, Weirdness & Mutations

You reflexively headbutt those who attack you in melee.
You have a pair of horns on your head.
You have sharp toenails.
You are clumsy. (Dex -2)
Your magical capacity is low. (-10% MP)
You are robust. (+10% HP)
You are weak. (Str -2)
Potions are less effective at restoring your health.
Your spells are a little easier to cast, but a little less powerful.
You expend magic power (3 MP) to strengthen your wands.


Message History

Ellu Peell is lightly wounded.
Ellu Peell completely misses you.
You completely miss Ellu Peell. Your headbutt misses Ellu Peell.
Ellu Peell is lightly wounded.
Ellu Peell hits you!!
You take 30 damage, and have 310/403 hp.
You whack Ellu Peell!
Ellu Peell is lightly wounded.
You punish Ellu Peell, causing immense pain!!!
Ellu Peell is moderately wounded.
Ellu Peell closely misses you. You furiously retaliate!
You headbutt Ellu Peell!!! You hit Ellu Peell.
Ellu Peell is heavily wounded.
You block Ellu Peell's attack.
You punish Ellu Peell, causing immense pain!!!
Your headbutt misses Ellu Peell.
Ellu Peell is heavily wounded.
The neqoxec gestures at you.
Strange energies course through your body.
You feel stupid.
The soul eater draws from the surrounding life force!
You are too injured to fight recklessly!
You are too injured to fight recklessly!
You are too injured to fight recklessly!
You take 17 damage, and have 294/403 hp.
You are too injured to fight recklessly!
You are too injured to fight recklessly!
You are too injured to fight recklessly!
You are too injured to fight recklessly!
You are too injured to fight recklessly!
You are too injured to fight recklessly!
You are too injured to fight recklessly!
You are too injured to fight recklessly!
You completely miss Ellu Peell. Your headbutt misses Ellu Peell.
Ellu Peell is heavily wounded.
You block Ellu Peell's attack.
You completely miss Ellu Peell. Your headbutt misses Ellu Peell.
Ellu Peell is heavily wounded.
Ellu Peell misses you. You furiously retaliate!
You headbutt Ellu Peell!! The neqoxec completely misses you.
You whack Ellu Peell!
Ellu Peell is severely wounded.
Ellu Peell hits you.
You take 4 damage, and have 291/403 hp.
You closely miss Ellu Peell.
Ellu Peell is severely wounded.
You completely miss Ellu Peell. Your headbutt misses Ellu Peell.
Ellu Peell is severely wounded.
You block Ellu Peell's attack. The neqoxec closely misses you.
You furiously retaliate!
You headbutt the neqoxec!
An Ice Fiend comes into view.
You closely miss Ellu Peell.
Ellu Peell is severely wounded.
You completely miss Ellu Peell.
Ellu Peell is severely wounded.
Ellu Peell hits you.
You take 4 damage, and have 288/403 hp.
You completely miss Ellu Peell.
Ellu Peell is severely wounded.
You block the neqoxec's attack.
You miss Ellu Peell.
Ellu Peell is severely wounded.
Ellu Peell hits you!!
You take 35 damage, and have 253/403 hp.
You closely miss Ellu Peell. Your headbutt misses Ellu Peell.
Ellu Peell is severely wounded.
Ellu Peell hits you!
You take 13 damage, and have 240/403 hp.
You whack Ellu Peell!
Ellu Peell is severely wounded.
You block the neqoxec's attack.
You completely miss Ellu Peell.
Ellu Peell is severely wounded.
Ellu Peell completely misses you.
The Ice Fiend calls on the powers of darkness!
Your body is wracked with pain!
* * * LOW HITPOINT WARNING * * *
You take 119 damage, and have 121/403 hp.
MASSIVE DAMAGE!!
You feel a strong urge to attack something.
You block Ellu Peell's attack.
You are no longer berserk.
You are exhausted.
You feel yourself slow down.
You now have 83/269 hp.
Ellu Peell hits you!
* * * LOW HITPOINT WARNING * * *
Ellu Peell hits you!!
* * * LOW HITPOINT WARNING * * *
You take 32 damage, and have 51/269 hp.
As you read the scroll of teleportation, it crumbles to dust.
You feel strangely unstable.
You feel the Orb delaying your translocation!
Ellu Peell hits you!!
* * * LOW HITPOINT WARNING * * *
The soul eater draws from the surrounding life force!
* * * LOW HITPOINT WARNING * * *
Ellu Peell hits you!!
You die...

#####.(###(.....(.###..........#.
.⌠....## ##..###).()(..........#.
......# ##.......#..........###
.>.⌠..# #####.#.##...>......#
.....## ##..#.........<...##
.⌠...# #..#.3............##
####.# ####.#3................
#.# #....#&#.............._ #.##
#.####@#....(..........
####..#####># #.#...........#...
............####.#...............
..###..###.###.......########....
..#....#.#......###### ##...
..###..#.#...#.## #...
...............# ####
..#.#..###...### ..#.#..#.#...#


You could see Ellu Peell, a soul eater and a neqoxec.

Vanquished Creatures
  the Royal Jelly (Slime:5)
  2 orbs of fire (Zot:5)
  2 ancient liches (Zot:5)
  2 pandemonium lords
  Saint Roka (Depths:5)
  A curse toe (Zot:1)
  A golden dragon (Depths:4)
  Jory (Depths:3)
  5 liches
  Jorgrun (Swamp:4)
  3 electric golems (Zot:5)
  3 tentacled monstrosities
  A quicksilver dragon (Depths:5)
  22 Orb Guardians
  3 titans (Depths:4)
  2 death cobs
  4 sphinxes
  An eldritch tentacle (Depths:5)
  14 acid blobs
  A thorn hunter (Swamp:4)
  Donald (Snake:1)
  10 storm dragons
  8 nagarajas (Snake:4)
  Roxanne (Snake:1)
  Kirke (D:15)
  2 tengu reavers
  2 draconian monks
  4 azure jellies
  8 fire giants
  5 draconian knights
  7 frost giants
  A deep elf sorcerer (Depths:5)
  A ghost moth (Zot:5)
  8 vault wardens
  2 orc warlords
  2 ghouls (Vaults:3)
  3 draconian scorchers
  Louise (Snake:1)
  Aizul (Swamp:3)
  2 iron dragons (Depths:5)
  3 draconian shifters
  A reaper (Depths:3)
  A curse skull (Vaults:2)
  A spriggan defender (Depths:3)
  10 ironheart preservers
  4 draconian annihilators
  18 very ugly things
  11 stone giants
  6 vampire knights
  5 green draconians
  3 black draconians
  4 red draconians
  6 dire elephants
  6 purple draconians
  5 spark wasps
  3 death oozes (Slime:5)
  3 white draconians
  2 yellow draconians
  3 ettins
  A crystal guardian (Vaults:4)
  2 deep elf death magi
  Snorg (Lair:4)
  A minotaur (Lab)
  8 jiangshi
  12 fire dragons
  9 yaktaur captains
  A deep elf high priest (Depths:5)
  14 great orbs of eyes
  8 hydras
  11 ice dragons
  20 naga warriors
  Fannar (Orc:1)
  4 rakshasas
  3 ghost crabs
  9 vault guards
  2 spriggan air magi
  17 anacondas
  A merfolk aquamancer (Depths:5)
  3 catoblepae
  46 two-headed ogres
  3 death knights
  7 alligators
  11 centaur warriors
  6 vampire magi
  A tengu warrior (Depths:2)
  9 deep troll shamans
  4 orc high priests (Orc:2)
  5 deep troll earth magi
  13 ogre magi
  6 death yaks (Lair:6)
  2 sun demons
  10 shock serpents
  A spriggan berserker (Depths:3)
  3 deep elf knights (Vaults:2)
  A fire crab (shapeshifter) (Vaults:3)
  An iron troll (Depths:2)
  22 naga sharpshooters
  2 shadow wraiths
  5 salamander mystics
  2 skeletal warriors (D:15)
  8 sea snakes
  2 sixfirhies
  3 spriggan druids
  An unseen horror (D:14)
  8 phantasmal warriors
  7 glowing orange brains
  2 flayed ghosts
  8 swamp dragons
  2 golden dragon zombies
  11 deep trolls
  4 wizards
  4 deep elf archers (Vaults:2)
  A golden dragon skeleton (Depths:2)
  9 naga ritualists
  4 shambling mangroves
  5 necromancers
  7 ironbrand convokers
  2 wolf spider zombies (D:15)
  7 orc sorcerers
  14 orc knights
  An orb spider (shapeshifter) (Depths:3)
  Pikel (D:8)
  4 frost giant zombies
  A tengu skeleton (Vaults:2)
  12 mana vipers
  3 harpies (Vaults:4)
  7 deep elf magi
  A wolf spider (Vaults:3)
  7 cyclopes
  4 shining eyes
  A shining eye (shapeshifter) (Vaults:3)
  A manticore (shapeshifter) (Depths:3)
  44 ugly things
  7 moths of wrath
  A fire giant skeleton (D:15)
  3 fire giant zombies (Depths:3)
  20 salamanders
  2 manticores
  8 guardian serpents
  12 elephants
  A stone giant skeleton (Vaults:3)
  An elephant (shapeshifter) (Vaults:4)
  An eye of devastation (Slime:3)
  25 naga magi
  2 rust devils
  A smoke demon (Zot:3)
  48 black mambas
  16 vault sentinels
  A water nymph (shapeshifter) (Depths:4)
  2 frost giant skeletons
  2 orange demons
  9 spiny frogs
  A gargoyle (D:14)
  3 kobold demonologists (D:14)
  2 rime drakes
  8 komodo dragons
  54 yaktaurs
  2 rime drakes (shapeshifter)
  12 freezing wraiths
  8 trolls
  2 hellwings (Zot:3)
  3 meliai (D:12)
  2 tengu conjurers
  A spriggan skeleton (Depths:2)
  A troll (shapeshifter) (Depths:4)
  A queen bee (D:12)
  6 tyrant leeches
  2 yaktaur skeletons
  A meliai (shapeshifter) (Vaults:1)
  8 hornets
  A merfolk (Depths:5)
  A wind drake (shapeshifter) (Vaults:3)
  3 polar bears
  A hornet (shapeshifter) (D:13)
  11 blink frogs
  A sphinx simulacrum (Vaults:3)
  2 raiju (Depths:3)
  A dream sheep (shapeshifter) (Depths:5)
  2 bog bodies (Swamp:3)
  An ettin zombie (Depths:2)
  94 slime creatures
  13 hippogriffs
  5 human simulacra
  5 spriggans
  A shadow (D:15)
  3 air elementals (Depths:4)
  A tarantella (shapeshifter) (Vaults:3)
  2 vampires
  6 flying skulls (Depths:3)
  3 water elementals (Depths:5)
  34 yaks
  4 wyverns
  Eustachio (D:4)
  3 hungry ghosts
  6 wraiths
  Grum (D:8)
  4 hogs (D:15)
  20 humans (D:14)
  9 golden eyes (Slime:5)
  4 basilisks
  A basilisk (shapeshifter) (Vaults:1)
  A chaos spawn (Depths:3)
  A deep troll zombie (Vaults:2)
  3 swamp worm simulacra (Swamp:4)
  21 vampire mosquitoes
  4 insubstantial wisps (Swamp:2)
  21 swamp worms
  4 acid dragons
  64 nagas
  14 hydra simulacra (Swamp:4)
  6 wargs
  12 water moccasins
  A soldier ant (D:11)
  6 hell hounds (Depths:3)
  7 swamp drakes
  10 porcupines
  2 floating eyes (Depths:5)
  A slave (D:8)
  68 orc warriors
  7 ice beasts
  3 sky beasts
  2 black bears
  6 eyes of draining
  4 phantoms
  37 ogres
  A necrophage (D:10)
  An elf zombie (Vaults:3)
  12 boggarts
  22 wolves
  An orc skeleton (Vaults:2)
  23 centaurs
  9 crocodiles
  3 big kobolds
  A wyvern zombie (D:14)
  20 bullfrogs
  A human skeleton (Vaults:2)
  A gnoll sergeant (D:6)
  A wyvern skeleton (D:11)
  7 scorpions
  16 killer bees
  3 howler monkeys
  2 wights (D:9)
  A spectral wolf (Depths:3)
  The ghost of 4thArraOfDagon the Firebug, a weakling DsFE (D:3)
  6 electric eels
  7 crimson imps
  4 bullfrog zombies
  17 jellies
  4 quasits (Depths:3)
  5 centaur zombies
  5 centaur skeletons
  42 orc wizards
  32 orc priests
  3 gnoll shamans (D:6)
  8 hounds
  Crazy Yiuf (D:3)
  Jessica (D:3)
  3 iguanas
  Natasha (thrice) (D:4)
  A worker ant (shapeshifter) (Vaults:3)
  10 worker ants
  3 hound skeletons
  48 gnolls
  A howler monkey skeleton (D:11)
  17 adders
  8 shadow imps
  A white imp (Depths:3)
  5 swamp drake simulacra (Swamp:4)
  4 ufetubi
  An ooze (Lair:5)
  An adder zombie (D:9)
  6 worms
  3 dart slugs
  8 leopard geckos
  118 orcs
  4 ball pythons
  13 bats
  4 giant cockroaches
  2 gnoll zombies (D:5)
  12 goblins
  10 hobgoblins
  31 jackals
  7 quokkas
  2 frilled lizards
  A jackal skeleton (D:6)
  32 kobolds
  A quokka zombie (D:5)
  13 rats
  3 fungi
  A withered plant (D:15)
2186 creatures vanquished.

Vanquished Creatures (collateral kills)
  An orb of fire (Zot:5)
  2 Killer Klowns (Zot:5)
  An Orb Guardian (Zot:5)
  A draconian knight (Zot:5)
  A draconian shifter (Zot:5)
  An orc warlord (Bailey)
  A vampire knight (Depths:3)
  A yellow draconian (Zot:5)
  2 hydras
  A vampire mage (Depths:3)
  Sonja (Lair:2)
  A fire giant zombie (Depths:3)
  A spiny frog (Lair:4)
  A crocodile (D:8)
16 creatures vanquished.

Vanquished Creatures (others)
  An ice dragon (Depths:3)
  A naga sharpshooter (Snake:3)
  A shambling mangrove (Swamp:4)
  A moth of wrath (Zot:5)
  A yaktaur (D:14)
  4 vampire mosquitoes (Swamp:4)
  3 ogres
  2 boggarts
  4 centaurs (Lair:2)
  9 plants
27 creatures vanquished.

Grand Total: 2229 creatures vanquished

Notes
Turn   | Place    | Note
-------+----------+-------------------------------------------
     0 | D:1      | Monsterracer the Minotaur Fire Elementalist began the quest for the Orb.
     0 | D:1      | Reached XP level 1. HP: 14/14 MP: 1/1
    14 | D:1      | Reached skill level 1 in Fighting
   136 | D:1      | Reached XP level 2. HP: 21/24 MP: 3/3
   380 | D:1      | HP: 12/25 [rat (3)]
   385 | D:1      | HP: 6/25 [hobgoblin (3)]
   400 | D:1      | HP: 6/25 [goblin/dagger (1)]
  1356 | D:2      | Reached XP level 3. HP: 31/31 MP: 4/4
  1609 | D:2      | HP: 16/33 [jackal (3)]
  1616 | D:1      | HP: 10/33 [adder (2)]
  1619 | D:1      | HP: 4/33 [adder (5)]
  2105 | D:2      | Reached XP level 4. HP: 24/41 MP: 5/5
  2305 | D:2      | HP: 19/41 [worm (6)]
  2491 | D:2      | HP: 19/41 [poisoned by an adder]
  2495 | D:2      | HP: 9/41 [poisoned by an adder]
  2505 | D:2      | HP: 20/41 [poisoned by an adder]
  2510 | D:2      | HP: 19/41 [poisoned by an adder]
  2516 | D:2      | HP: 17/41 [poisoned by an adder]
  2525 | D:2      | HP: 16/41 [poisoned by an adder]
  2531 | D:2      | HP: 15/41 [poisoned by an adder]
  2537 | D:2      | HP: 15/41 [poisoned by an adder]
  2542 | D:2      | HP: 15/41 [poisoned by an adder]
  2996 | D:2      | Reached skill level 1 in Maces & Flails
  3141 | D:2      | HP: 19/41 [gnoll/spear (4)]
  3145 | D:2      | HP: 7/41 [gnoll/spear (7)]
  3146 | D:2      | HP: 1/41 [gnoll/spear (6)]
  3455 | D:2      | HP: 19/41 [gnoll/spear (8)]
  3690 | D:2      | Reached skill level 5 in Fighting
  3701 | D:2      | HP: 20/42 [hobgoblin/club (4)]
  3706 | D:2      | HP: 13/42 [worm (8)]
  4129 | D:3      | Found a shattered altar of Ashenzari.
  4129 | D:3      | Found a bloodstained altar of Trog.
  4145 | D:3      | Became a worshipper of Trog the Wrathful
  4153 | D:3      | Noticed 4thArraOfDagon's ghost (weakling DsFE)
  4303 | D:2      | Reached XP level 5. HP: 40/48 MP: 6/6
  4497 | D:3      | Found a runed door.
  4522 | D:3      | Noticed Jessica
  4535 | D:3      | Killed Jessica
  4746 | D:3      | Reached skill level 3 in Dodging
  4766 | D:3      | HP: 22/50 [gnoll/halberd (11)]
  5033 | D:3      | Reached * piety under Trog
  5098 | D:3      | Found a stormy altar of Qazlal.
  5288 | D:3      | Killed 4thArraOfDagon's ghost
  5288 | D:3      | Reached XP level 6. HP: 32/57 MP: 7/7
  5514 | D:3      | Noticed Crazy Yiuf
  5520 | D:3      | Killed Crazy Yiuf
  5905 | D:4      | HP: 28/57 [poisoned by a scorpion]
  5910 | D:4      | HP: 26/57 [poisoned by a scorpion]
  5915 | D:4      | HP: 25/57 [poisoned by a scorpion]
  5922 | D:4      | HP: 25/57 [poisoned by a scorpion]
  5930 | D:4      | HP: 24/57 [poisoned by a scorpion]
  6146 | D:4      | Noticed Eustachio
  6277 | D:4      | HP: 27/57 [white imp[Eustachio] (3)]
  6484 | D:4      | Reached XP level 7. HP: 58/63 MP: 8/8
  6648 | D:4      | Noticed Natasha
  6664 | D:4      | Killed Natasha
  6844 | D:4      | Noticed Natasha
  6855 | D:4      | Killed Natasha
  6855 | D:4      | Reached skill level 5 in Axes
  6967 | D:4      | Killed Eustachio
  6967 | D:4      | Reached skill level 1 in Armour
  7006 | D:4      | Noticed Natasha
  7019 | D:4      | Killed Natasha
  7286 | D:5      | Entered Level 5 of the Dungeon
  7321 | D:5      | HP: 16/64 [ogre/giant spiked club (21)]
  7326 | D:5      | HP: 10/64 [ogre/giant spiked club (3)]
  7619 | D:5      | Reached XP level 8. HP: 49/73 MP: 9/9
  7786 | D:5      | Reached ** piety under Trog
  7833 | D:5      | HP: 32/73 [kobold/antimagic hand axe (7)]
  7838 | D:5      | HP: 26/73 [poisoned by a kobold]
  7843 | D:5      | HP: 22/73 [poisoned by a kobold]
  7849 | D:5      | HP: 20/73 [poisoned by a kobold]
  7855 | D:5      | HP: 20/73 [poisoned by a kobold]
  8144 | D:5      | Found a staircase to the Ecumenical Temple.
  8209 | D:5      | Found a hazy altar of Hepliaklqana.
  8211 | D:5      | Found a glowing golden altar of the Shining One.
  8214 | D:5      | Found a glowing silver altar of Zin.
  8237 | D:5      | Found a bloodstained altar of Trog.
  8511 | D:5      | Found a basalt altar of Yredelemnul.
  8668 | D:6      | Reached *** piety under Trog
  8974 | D:6      | Reached skill level 5 in Armour
  9253 | D:6      | Reached XP level 9. HP: 78/81 MP: 10/10
  9338 | D:6      | Reached **** piety under Trog
  9754 | D:7      | Reached skill level 10 in Axes
 10178 | D:7      | Found a sparkling altar of Nemelex Xobeh.
 10379 | D:7      | Reached ***** piety under Trog
 10467 | D:7      | Found a blossoming altar of Fedhas.
 10626 | D:7      | Found a shimmering altar of Xom.
 10922 | D:7      | Found an ancient bone altar of Kikubaaqudgha.
 11003 | D:8      | Noticed Grum
 11014 | D:8      | HP: 50/126 [Grum/halberd (16)]
 11015 | D:8      | Killed Grum
 11027 | D:8      | HP: 30/84 [crocodile (2)]
 11295 | D:8      | Noticed Pikel
 11313 | D:8      | Killed Pikel
 11313 | D:8      | Reached XP level 10. HP: 92/92 MP: 11/11
 11798 | D:8      | Found a shadowy altar of Dithmenos.
 12114 | D:9      | Reached skill level 10 in Fighting
 12193 | D:9      | Noticed a centaur warrior
 12193 | D:9      | Noticed a brown ugly thing
 12194 | D:9      | Noticed a purple ugly thing
 12324 | D:9      | Found a flagged portal.
 12348 | D:9      | Got an iridescent hand axe
 12350 | D:9      | Identified the cursed +3 hand axe of Broken Luck {venom, rC+} (You found it on level 9 of the Dungeon)
 12353 | Bailey   | Entered a bailey
 12358 | Bailey   | Noticed an orc warlord
 12608 | Bailey   | Found a runed gate.
 12608 | Bailey   | Found a runed gate.
 12608 | Bailey   | Found a runed gate.
 12620 | Bailey   | Noticed an orc knight
 12645 | Bailey   | HP: 65/139 [orc knight/war axe (8)]
 12651 | Bailey   | HP: 40/139 [orc knight/war axe (12)]
 12655 | Bailey   | Killed an orc knight
 13020 | Bailey   | Killed an orc warlord
 13108 | Bailey   | Identified a scroll of acquirement
 13169 | D:9      | Reached skill level 1 in Shields
 13388 | D:9      | Killed a purple ugly thing
 13391 | D:9      | Killed a brown ugly thing
 13451 | D:9      | Killed a centaur warrior
 13451 | D:9      | Reached XP level 11. HP: 100/101 MP: 12/12
 13461 | D:9      | Noticed a two-headed ogre
 13468 | D:9      | Killed a two-headed ogre
 13508 | D:9      | Got a brightly glowing ring mail
 13519 | D:9      | Identified the cursed +1 ring mail of Fedhas's Generosity {+Blink Regen+} (You found it on level 9 of the Dungeon)
 13864 | D:9      | Found a sacrificial altar of Ru.
 13899 | D:9      | Found a staircase to the Lair.
 14542 | Lair:1   | Entered Level 1 of the Lair of Beasts
 14717 | Lair:1   | Reached skill level 4 in Dodging
 15098 | Lair:1   | HP: 39/102 [blink frog (15)]
 15105 | Lair:1   | HP: 39/102 [blink frog (7)]
 15111 | Lair:1   | HP: 32/102 [blink frog (2)]
 15689 | Lair:2   | Found a staircase to the Snake Pit.
 15706 | Lair:2   | Reached skill level 5 in Shields
 15819 | Lair:2   | Reached skill level 5 in Dodging
 15874 | Lair:2   | Reached skill level 10 in Armour
 16191 | Lair:2   | Reached XP level 12. HP: 73/112 MP: 13/13
 16695 | Lair:2   | Noticed a catoblepas
 16706 | Lair:2   | Killed a catoblepas
 17029 | Lair:2   | Found a hazy altar of Hepliaklqana.
 17049 | Lair:2   | Reached skill level 15 in Axes
 17213 | Lair:2   | Noticed Sonja
 17224 | Lair:2   | HP: 52/112 [poisoned by Sonja]
 17225 | Lair:2   | Killed Sonja
 17229 | Lair:2   | HP: 32/112 [poisoned by Sonja]
 17234 | Lair:2   | HP: 22/112 [poisoned by Sonja]
 17239 | Lair:2   | HP: 22/112 [poisoned by Sonja]
 17244 | Lair:2   | HP: 24/112 [poisoned by Sonja]
 17249 | Lair:2   | HP: 24/112 [poisoned by Sonja]
 17256 | Lair:2   | HP: 24/112 [poisoned by Sonja]
 17264 | Lair:2   | HP: 24/112 [poisoned by Sonja]
 17928 | Lair:3   | Found a staircase to the Swamp.
 17938 | Lair:3   | HP: 83/168 [electric eel/bolt of electricity (4)]
 17942 | Lair:3   | Received a gift from Trog
 18186 | Lair:3   | Got a transparent chain mail
 18523 | Lair:4   | Noticed a seven-headed hydra
 18549 | Lair:3   | Killed a seven-headed hydra
 18661 | Lair:3   | Identified the cursed +0 chain mail of Sovukilu {Str+3 Stlth+} (You found it on level 3 of the Lair of Beasts)
 18707 | Lair:4   | Found a labyrinth entrance.
 18714 | Lair:4   | Noticed a four-headed hydra
 18716 | Lab      | Entered a labyrinth
 18790 | Lab      | Noticed a minotaur
 18801 | Lab      | Killed a minotaur
 18820 | Lab      | Found the cursed necklace of Bloodlust {*Rage +Rage MR++ Int-3 Slay+6 *Curse}
 18859 | Lair:4   | Killed a four-headed hydra
 19389 | Lair:4   | Noticed Snorg
 19397 | Lair:4   | Killed Snorg
 19571 | Lair:4   | Reached XP level 13. HP: 119/119 MP: 14/14
 19852 | Lair:5   | Found a staircase to the Slime Pits.
 20535 | Lair:5   | Reached XP level 14. HP: 127/127 MP: 15/15
 20674 | Lair:6   | Entered Level 6 of the Lair of Beasts
 21193 | Lair:6   | Reached ****** piety under Trog
 21237 | Lair:6   | Got an opalescent robe
 21525 | Lair:6   | HP: 61/129 [death yak (13)]
 22239 | D:10     | Entered Level 10 of the Dungeon
 22310 | D:10     | Found a staircase to the Orcish Mines.
 22531 | D:10     | Reached skill level 10 in Shields
 22759 | D:10     | Found Baock's General Store.
 22768 | D:10     | Bought a potion of haste for 130 gold pieces
 23014 | Orc:1    | Entered Level 1 of the Orcish Mines
 23030 | Orc:1    | Received a gift from Trog
 23088 | Orc:2    | Entered Level 2 of the Orcish Mines
 23300 | Orc:2    | Found a staircase to the Elven Halls.
 23321 | Orc:1    | Received a gift from Trog
 23441 | Orc:1    | Noticed a stone giant
 23452 | Orc:1    | Noticed Fannar
 23453 | Orc:1    | Killed a stone giant
 23460 | Orc:1    | Killed Fannar
 23552 | Orc:1    | Found Yguesule's General Store.
 24176 | Orc:2    | Received a gift from Trog
 24177 | Orc:2    | Reached skill level 15 in Fighting
 24192 | Orc:2    | HP: 61/135 [orc priest/divine providence (15)]
 24360 | Orc:2    | Noticed an orc warlord
 24580 | Orc:2    | Killed an orc warlord
 24653 | Orc:2    | Reached XP level 15. HP: 121/141 MP: 16/16
 25002 | Orc:2    | Found Gacromaesk's Antique Armour Emporium.
 25003 | Orc:2    | Found Sokhouca's Antique Weapon Shoppe.
 25004 | Orc:2    | Found Mutubim's General Store.
 25004 | Orc:2    | Found Doduebax's Book Emporium.
 25008 | Orc:2    | Bought a scroll of enchant armour for 90 gold pieces
 25139 | Orc:2    | Noticed an orc warlord
 25174 | Orc:1    | Killed an orc warlord
 25396 | Orc:2    | HP: 59/143 [orc warrior/halberd[an orc knight] (13)]
 25398 | Orc:2    | Received a gift from Trog
 25403 | Orc:2    | Got a steaming broad axe {god gift}
 25408 | Orc:2    | Identified the +2 broad axe "Qeec" {freeze, rF+ MR+} (Trog gifted it to you on level 2 of the Orcish Mines)
 25421 | Orc:2    | HP: 54/143 [troll[an orc knight] (7)]
 28016 | D:12     | Received a gift from Trog
 28981 | D:13     | Found Rimetaps's Distillery.
 29067 | D:13     | Bought a potion of heal wounds for 70 gold pieces
 29067 | D:13     | Bought a potion of heal wounds for 70 gold pieces
 30023 | D:14     | Received a gift from Trog
 30106 | D:14     | Found a gate to the Vaults.
 30510 | D:15     | Entered Level 15 of the Dungeon
 30664 | D:15     | Found a staircase to the Depths.
 30692 | D:15     | HP: 60/148 [flayed ghost/flay_damage[a vampire mage] (22)]
 30697 | D:15     | Reached XP level 16. HP: 120/157 MP: 17/17
 30700 | D:15     | HP: 108/235 [golden dragon zombie (13)]
 30726 | D:14     | HP: 75/157 [something (7)]
 30993 | D:15     | Reached skill level 15 in Armour
 31040 | D:15     | Noticed Kirke
 31064 | D:15     | Killed Kirke
 31641 | Swamp:1  | Entered Level 1 of the Swamp
 32109 | Swamp:1  | Received a gift from Trog
 33740 | Swamp:3  | Received a gift from Trog
 33753 | Swamp:3  | Noticed Aizul
 34359 | Swamp:3  | Killed Aizul
 34413 | Swamp:4  | Entered Level 4 of the Swamp
 34436 | Swamp:4  | Noticed a thorn hunter
 34455 | Swamp:4  | Killed a thorn hunter
 34464 | Swamp:4  | HP: 79/160 [spectral alligator[a ghost crab] (9)]
 34469 | Swamp:4  | HP: 92/240 [something (5)]
 35111 | Swamp:4  | Noticed Jorgrun
 35133 | Swamp:4  | Killed Jorgrun
 35180 | Swamp:4  | HP: 78/160 [four-headed hydra simulacrum (16)]
 35519 | Swamp:4  | Reached skill level 5 in Maces & Flails
 35554 | Swamp:4  | Received a gift from Trog
 35554 | Swamp:4  | Reached XP level 17. HP: 168/168 MP: 18/18
 36108 | Swamp:4  | Got a decaying rune of Zot
 36327 | Snake:1  | Entered Level 1 of the Snake Pit
 36347 | Snake:1  | HP: 75/168 [naga sharpshooter/arrow (20)]
 36702 | Snake:1  | Reached skill level 15 in Shields
 36908 | Snake:1  | Noticed Louise
 36920 | Snake:1  | Killed Louise
 37006 | Snake:1  | Noticed Donald
 37030 | Snake:1  | Killed Donald
 37031 | Snake:1  | Found a white marble altar of Elyvilon.
 37162 | Snake:1  | Noticed Roxanne
 37317 | Snake:1  | HP: 45/170 [Roxanne/crystal spear (59)]
 37318 | Snake:1  | Killed Roxanne
 37319 | Snake:1  | Identified Roxanne's Disquisition on Stones (You took it off Roxanne on level 1 of the Snake Pit)
 37711 | Snake:1  | Received a gift from Trog
 38424 | Snake:2  | Found Kahileg's Antique Armour Shop.
 38424 | Snake:2  | Found Zuonetama's General Store.
 38649 | Snake:2  | Bought a wand of digging (20) for 864 gold pieces
 38655 | Snake:2  | Bought a pair of glowing boots for 292 gold pieces
 38678 | Snake:2  | Bought a pair of glowing gloves for 292 gold pieces
 38729 | Snake:2  | Bought a glowing chain mail for 292 gold pieces
 40295 | Snake:3  | Received a gift from Trog
 40298 | Snake:3  | Got a slimy war axe {god gift}
 40302 | Snake:3  | Identified the +4 war axe of Drought {flame, rElec rC+} (Trog gifted it to you on level 3 of the Snake Pit)
 40435 | Snake:3  | Found Qiotemp's General Store.
 40663 | Snake:3  | Reached XP level 18. HP: 180/180 MP: 19/19
 40854 | Snake:3  | HP: 88/180 [naga warrior/flail of crushing (13)]
 40859 | Snake:3  | HP: 122/270 [poisoned by a naga warrior (splash of poison)]
 40865 | Snake:3  | HP: 121/270 [poisoned by a naga warrior (splash of poison)]
 40870 | Snake:3  | HP: 61/180 [poisoned by a black mamba]
 40875 | Snake:3  | HP: 56/180 [poisoned by a black mamba]
 40880 | Snake:3  | HP: 54/180 [poisoned by a black mamba]
 40886 | Snake:3  | HP: 43/180 [poisoned by a black mamba]
 40893 | Snake:3  | HP: 43/180 [poisoned by a black mamba]
 40901 | Snake:3  | HP: 45/180 [poisoned by a black mamba]
 41704 | Snake:4  | Entered Level 4 of the Snake Pit
 42329 | Snake:4  | Received a gift from Trog
 43546 | Snake:4  | Received a gift from Trog
 44159 | Snake:4  | HP: 135/273 [nagaraja/halberd (15)]
 44164 | Snake:4  | HP: 112/273 [poisoned by a nagaraja (poison arrow)]
 44169 | Snake:4  | HP: 103/273 [poisoned by a nagaraja (poison arrow)]
 44174 | Snake:4  | HP: 97/273 [poisoned by a nagaraja (poison arrow)]
 44179 | Snake:4  | Reached skill level 10 in Maces & Flails
 44179 | Snake:4  | HP: 91/274 [poisoned by a nagaraja (poison arrow)]
 44182 | Snake:4  | Reached XP level 19. HP: 94/191 MP: 20/20
 44184 | Snake:4  | HP: 60/191 [poisoned by a nagaraja (poison arrow)]
 44189 | Snake:4  | HP: 53/191 [poisoned by a nagaraja (poison arrow)]
 44194 | Snake:4  | HP: 47/191 [poisoned by a naga (splash of poison)]
 44198 | Snake:4  | Got a serpentine rune of Zot
 44200 | Snake:4  | HP: 46/191 [poisoned by a naga (splash of poison)]
 44206 | Snake:4  | HP: 46/191 [poisoned by a naga (splash of poison)]
 44212 | Snake:4  | HP: 48/191 [poisoned by a naga (splash of poison)]
 44945 | Vaults:1 | Entered Level 1 of the Vaults
 44951 | Vaults:1 | Received a gift from Trog
 45278 | Vaults:1 | HP: 93/191 [flayed ghost/flay_damage[a boggart] (32)]
 45374 | Vaults:1 | Found Ceus's Jewellery Boutique.
 45647 | Vaults:1 | Reached skill level 6 in Dodging
 45705 | Vaults:1 | Received a gift from Trog
 46649 | Vaults:2 | Received a gift from Trog
 47035 | Vaults:2 | Reached skill level 7 in Dodging
 47495 | Vaults:2 | Received a gift from Trog
 47789 | Vaults:2 | Reached XP level 20. HP: 202/202 MP: 21/21
 47975 | Vaults:2 | Found a staircase to the Crypt.
 48180 | Vaults:3 | Reached skill level 8 in Dodging
 48354 | Vaults:3 | Received a gift from Trog
 49152 | Vaults:3 | Got a shimmering scale mail
 49153 | Vaults:3 | Identified the cursed +1 scale mail of Lesser Demons {Int+7} (You found it on level 3 of the Vaults)
 49343 | Vaults:3 | Gained mutation: You do not regenerate when monsters are visible. [a shining eye]
 49438 | Vaults:3 | Reached skill level 9 in Dodging
 49696 | Vaults:3 | Received a gift from Trog
 50569 | Vaults:4 | Found Plog's Armour Shoppe.
 50575 | Vaults:4 | Bought a +0 large shield of protection for 184 gold pieces
 50588 | Vaults:4 | Bought a scarf of resistance for 512 gold pieces
 51184 | Depths:1 | Entered Level 1 of the Depths
 51236 | Depths:1 | Reached XP level 21. HP: 212/212 MP: 22/22
 51632 | Depths:1 | Received a gift from Trog
 51692 | Depths:1 | Found Edigyet's Jewellery Boutique.
 51719 | Depths:1 | Found Gumaem's Gadget Shoppe.
 51750 | Depths:1 | Found Efyfido's Jewellery Boutique.
 51939 | Depths:1 | Found a gateway to Hell.
 51961 | Depths:1 | Found a gateway to a ziggurat.
 52078 | Depths:1 | Found Tawkyxt's Serpentskin Sales.
 52219 | Depths:1 | Found a one-way gate leading to the halls of Pandemonium.
 52420 | Depths:2 | Reached skill level 10 in Dodging
 53011 | Depths:2 | Received a gift from Trog
 53388 | Depths:3 | Reached skill level 11 in Dodging
 53501 | Depths:3 | HP: 92/213 [disintegration (29)]
 53506 | Depths:3 | HP: 85/213 [poisoned by a rakshasa]
 53511 | Depths:3 | HP: 76/213 [poisoned by a rakshasa]
 53516 | Depths:3 | HP: 68/213 [poisoned by a rakshasa]
 53521 | Depths:3 | HP: 122/319 [poisoned by a rakshasa]
 53526 | Depths:3 | HP: 81/213 [poisoned by a rakshasa]
 53532 | Depths:3 | HP: 80/213 [poisoned by a rakshasa]
 53538 | Depths:3 | HP: 81/213 [poisoned by a rakshasa]
 53544 | Depths:3 | HP: 83/213 [poisoned by a rakshasa]
 53928 | Depths:3 | HP: 63/213 [frost giant/bolt of cold (64)]
 54370 | Depths:3 | Reached skill level 12 in Dodging
 54511 | Depths:3 | Received a gift from Trog
 54616 | Depths:3 | HP: 104/213 [something/vampiric draining (9)]
 54619 | Depths:3 | HP: 35/213 [something/vampiric draining (17)]
 54624 | Depths:3 | HP: 44/213 [something/vampiric draining (16)]
 54648 | Depths:3 | Lost mutation: You do not regenerate when monsters are visible. [potion of mutation]
 54648 | Depths:3 | Gained mutation: You are robust. (+10% HP) [potion of mutation]
 54648 | Depths:3 | Gained mutation: You are very robust. (+20% HP) [potion of mutation]
 54648 | Depths:3 | Gained mutation: You have sharp toenails. [potion of mutation]
 54648 | Depths:3 | Gained mutation: Your mind is acute. (Int +2) [potion of mutation]
 54883 | Depths:3 | Noticed Jory
 54904 | Depths:3 | Killed Jory
 54904 | Depths:3 | Reached skill level 13 in Dodging
 54921 | Depths:3 | HP: 123/255 [frost giant zombie (10)]
 54929 | Depths:3 | HP: 124/255 [poisoned by Jory]
 55153 | Depths:3 | Got a silken robe
 55434 | Depths:3 | Found a basalt altar of Yredelemnul.
 55574 | Depths:4 | Reached XP level 22. HP: 266/266 MP: 23/23
 55843 | Depths:4 | Received a gift from Trog
 55847 | Depths:4 | Reached skill level 14 in Dodging
 55858 | Depths:4 | Found a one-way gate to the infinite horrors of the Abyss.
 56146 | Depths:4 | Reached skill level 15 in Dodging
 56258 | Depths:4 | Received a gift from Trog
 56258 | Depths:4 | Reached skill level 16 in Dodging
 56265 | Depths:4 | Noticed a golden dragon
 56281 | Depths:4 | Killed a golden dragon
 56676 | Depths:4 | Reached skill level 17 in Dodging
 57041 | Depths:4 | Got bloodstained ice dragon scales
 57053 | Depths:4 | Identified the +2 ice dragon scales "Sokhitax" {rElec rF- rC++ rCorr} (You found it on level 4 of the Depths)
 57348 | Depths:5 | Entered Level 5 of the Depths
 57372 | Depths:5 | Got a polished plate armour
 57373 | Depths:5 | Identified the +2 plate armour of Faecwoififf {rElec Str-2 Dex+2} (You acquired it on level 5 of the Depths)
 57624 | Depths:5 | Received a gift from Trog
 57652 | Depths:5 | Noticed Saint Roka
 57657 | Depths:5 | Reached skill level 18 in Dodging
 57708 | Depths:5 | Killed Saint Roka
 57972 | Depths:5 | Got a scorched golden ring
 57973 | Depths:5 | Identified the ring "Davvace" {rF- rC+ Slay+6} (You found it on level 5 of the Depths)
 57990 | Depths:5 | Found a gate to the Realm of Zot.
 58037 | Depths:5 | Reached XP level 23. HP: 261/274 MP: 24/24
 58071 | Depths:5 | Paralysed by a floating eye for 3 turns
 58203 | Depths:5 | Got a twitching lapis lazuli ring
 58204 | Depths:5 | Identified the ring "Quklew" {Str+3 SInv} (You found it on level 5 of the Depths)
 58238 | Depths:5 | Reached skill level 19 in Dodging
 58264 | Depths:5 | Found Abomag's Weapon Boutique.
 58521 | Depths:5 | Received a gift from Trog
 58610 | Depths:5 | Got a bound amber ring
 58628 | Depths:5 | Identified the ring "Qezot" {Fire rN+++ Str+2 Int+3 Slay-4} (You found it on level 5 of the Depths)
 58970 | Slime:1  | Entered Level 1 of the Pits of Slime
 58999 | Slime:1  | Gained mutation: Your spells are a little easier to cast, but a little less powerful. [a shining eye]
 59006 | Slime:1  | Gained mutation: You are weak. (Str -2) [a shining eye]
 59091 | Slime:2  | Reached skill level 20 in Dodging
 59183 | Slime:4  | Gained mutation: You expend magic power (3 MP) to strengthen your wands. [a shining eye]
 59322 | Slime:4  | Gained mutation: Your magical capacity is low. (-10% MP) [a shining eye]
 59386 | Slime:5  | Entered Level 5 of the Pits of Slime
 59469 | Slime:5  | Lost mutation: You are very robust. (+20% HP) [a shining eye]
 59524 | Slime:5  | Found a viscous altar of Jiyva.
 59524 | Slime:5  | Noticed the Royal Jelly
 59533 | Slime:5  | Killed the Royal Jelly
 59561 | Slime:5  | Reached skill level 21 in Dodging
 59609 | Slime:5  | Got a slimy rune of Zot
 59638 | Slime:5  | Got a heavily runed steel ring
 59640 | Slime:5  | Identified the ring of Giag {+Inv rF- rC+ Int+8 Dex-5} (You found it on level 5 of the Pits of Slime)
 59665 | Slime:5  | Received a gift from Trog
 59735 | Slime:5  | Got a transparent silver ring
 59736 | Slime:5  | Identified the cursed ring "Fomeg" {rPois rF- MR+ Slay-2 Stlth+} (You found it on level 5 of the Pits of Slime)
 59739 | Slime:5  | Got a brightly glowing hat
 59745 | Slime:5  | Identified the +0 hat of Feluoka {rPois Str+3 Slay+2} (You found it on level 5 of the Pits of Slime)
 59774 | Slime:5  | Got a scintillating wooden ring
 59778 | Slime:5  | Identified the ring of Urag {*Tele rPois rF- SInv Stlth-} (You found it on level 5 of the Pits of Slime)
 60198 | Zot:1    | Entered Level 1 of the Realm of Zot
 60251 | Zot:2    | Noticed a curse toe
 60318 | Zot:2    | HP: 65/251 [??? (63)]
 60318 | Zot:2    | HP: 30/251 [deathcap/drain life[a curse toe] (16)]
 60757 | Zot:2    | HP: 184/376 [??? (148)]
 60767 | Zot:1    | HP: 84/376 [purple draconian/bolt of dispelling energy (19)]
 60768 | Zot:1    | Killed a curse toe
 60802 | Zot:1    | HP: 103/251 [tentacled monstrosity (8)]
 61133 | Zot:2    | Reached skill level 22 in Dodging
 61285 | Zot:3    | Reached XP level 24. HP: 260/260 MP: 21/21
 61344 | Zot:5    | Entered Level 5 of the Realm of Zot
 61570 | Zot:5    | Noticed an orb of fire
 61570 | Zot:5    | Noticed an ancient lich
 61571 | Zot:5    | Noticed an orb of fire
 61583 | Zot:5    | Gained mutation: Potions are less effective at restoring your health. [an orb of fire]
 61589 | Zot:5    | Noticed an orb of fire
 61600 | Zot:5    | Killed an orb of fire
 61600 | Zot:5    | Reached skill level 23 in Dodging
 61601 | Zot:5    | HP: 104/260 [Orb Guardian (29)]
 61604 | Zot:5    | Received a gift from Trog
 61606 | Zot:5    | HP: 103/260 [Orb Guardian (17)]
 61611 | Zot:5    | HP: 111/260 [poisoned by a black draconian annihilator (poison arrow)]
 61619 | Zot:5    | Noticed an ancient lich
 61619 | Zot:5    | HP: 112/260 [ancient lich/bolt of negative energy (20)]
 61629 | Zot:5    | HP: 95/260 [poisoned by a black draconian annihilator (poison arrow)]
 61635 | Zot:5    | HP: 86/260 [poisoned by an ancient lich (poison arrow)]
 61640 | Zot:5    | HP: 87/260 [poisoned by an ancient lich (poison arrow)]
 61646 | Zot:5    | HP: 72/260 [poisoned by an ancient lich (poison arrow)]
 61651 | Zot:5    | HP: 75/260 [poisoned by an ancient lich (poison arrow)]
 61657 | Zot:4    | HP: 80/260 [poisoned by an ancient lich (poison arrow)]
 61665 | Zot:4    | HP: 81/260 [poisoned by an ancient lich (poison arrow)]
 61672 | Zot:4    | HP: 82/260 [poisoned by an ancient lich (poison arrow)]
 61677 | Zot:4    | HP: 83/260 [poisoned by an ancient lich (poison arrow)]
 62214 | Zot:5    | Noticed an ancient lich
 62224 | Zot:5    | Killed an ancient lich
 62285 | Zot:5    | Killed an ancient lich
 62315 | Zot:5    | HP: 128/260 [electric golem (7)]
 62477 | Zot:5    | Reached skill level 24 in Dodging
 62589 | Zot:5    | Gained mutation: You are clumsy. (Dex -2) [an orb of fire]
 62591 | Zot:5    | Killed an orb of fire
 62747 | Zot:5    | Got the Orb of Zot
 62768 | Zot:5    | Killed an orb of fire
 62768 | Zot:5    | Reached skill level 25 in Dodging
 62960 | Depths:5 | Noticed Wuitefyo the pandemonium lord
 62969 | Depths:5 | Killed Wuitefyo the pandemonium lord
 63207 | D:9      | Noticed Ciamo the pandemonium lord
 63228 | D:9      | Killed Ciamo the pandemonium lord
 63228 | D:9      | Reached XP level 25. HP: 269/269 MP: 21/21
 63321 | D:5      | Noticed Ellu Peell the pandemonium lord
 63334 | D:5      | Lost mutation: Your mind is acute. (Int +2) [a neqoxec]
 63346 | D:5      | HP: 121/403 [??? (119)]
 63350 | D:5      | HP: 51/269 [Ellu Peell the pandemonium lord (20)]
 63351 | D:5      | HP: 21/269 [Ellu Peell the pandemonium lord (30)]
 63351 | D:5      | HP: 9/269 [soul eater/drain life[Ellu Peell] (12)]
 63351 | D:5      | Demolished by Ellu Peell the pandemonium lord

Vault maps used:
D:1:      roderic_crossed_star, grunt_decor_fettered
D:2:      grunt_ministairs_6, cheibrodos_gnoll_hut
D:3:      overflow_temple_1_default, lemuel_doored_altar,
          nicolae_overflow_crystal_walls, serial_glass, glass_columns_b,
          glass_columns_b, uniq_jessica, uniq_crazy_yiuf_cottage
D:4:      first_ration, feat_on_display, uniq_natasha, uniq_eustachio
D:5:      lemuel_zombie_altar_yredelemnul, grunt_temple_overflow_open,
          temple_fountains, minmay_misc_feat_nine_boxes, trog_eyes_of_draining
D:6:      lemuel_castle_with_subvaults
D:7:      kennysheep_little_box, old_standard_altar, kiku_gazebo_pond_becter,
          lemuel_coloured_pillars_altar
D:8:      grunt_pizzeria, grunt_dithmenos_smoke_and_mirrors, uniq_pikel,
          uniq_grum
D:9:      minmay_the_grid_plus, hangedman_ru_absence, dpeg_oklobed_lair,
          enter_bailey_2
D:10:     kennysheep_blocky_room, david_orc_1_choice, serial_shops, shop
D:11:     minmay_misc_feat_doors
D:12:     special_room
D:13:     serial_shops, nicolae_shop_waterfront
D:14:     grunt_vaults_entry_tiered
D:15:     gammafunk_depths_entry_grave, minmay_fountain_box, uniq_kirke
Lair:1:   grunt_megastairs_3, serial_bayou_shore_b, infiniplex_staircase_pool,
          lemuel_fruit_tree, serial_bayou_shore_a
Lair:2:   minmay_snake_entry_six_corridors, nicolae_lair_grove_arrangements,
          lemuel_centaur_altar, uniq_sonja
Lair:3:   minmay_swamp_entry_eels
Lair:4:   serial_forest, infiniplex_forest_lined_3,
          infiniplex_forest_clump_curved, infiniplex_forest_lined_3,
          infiniplex_forest_clump_double, infiniplex_forest_diagonal,
          infiniplex_forest_lined_room_2, infiniplex_forest_clump_small,
          lab_entry_generic, serial_bayou_shore_b, serial_bayou_shore_b,
          uniq_snorg
Lair:5:   minmay_slime_entry_jelly_boxes, grunt_megastairs_4
Lair:6:   grunt_lair_end_beastmaster, st_stairs_6
Swamp:1:  evilmike_swamp_ruin_house_1
Swamp:2:  evilmike_swamp_ruin_house_3
Swamp:3:  infiniplex_staircase_pool_2, uniq_aizul
Swamp:4:  swamp_icy, uniq_jorgrun
Snake:1:  hangedman_cross_stitches, basic_altar, uniq_louise, uniq_roxanne,
          uniq_donald
Snake:2:  grunt_megastairs_1, minmay_shoptagon
Snake:3:  serial_shops, shop
Snake:4:  grunt_snake_rune_pools
Slime:3:  cheibrodos_slime_lost_civilization_9, nicolae_slime_barrier
Slime:4:  nicolae_slime_jelly_donut, cheibrodos_slime_lost_civilization_5
Orc:1:    serial_shops, shop_statue, uniq_fannar
Orc:2:    st_orc_congregation
Vaults:1: v_misc_19, vaults_room_stairs_pillars,
          vaults_room_grunt_arrival_ludios, grunt_vaults_hallway_short,
          v_misc_26, v_misc_31, v_misc_19, hangedman_vaults_nails, serial_shops,
          shop
Vaults:2: grunt_vaults_focal, vaults_standard_mumra_x, ontoclasm_vaults_shout,
          nicolae_vaults_specimen_jars, vaults_room_door_hall,
          nicolae_vaults_big_ls, dpeg_vaults_monster_box,
          grunt_vaults_trifunnel, hangedman_vaults_stagger,
          ontoclasm_vaults_ring_small, vaults_room_grid,
          nicolae_vaults_little_squares_3, minmay_crypt_entry_simple_walls,
          v_alt_pattern_4
Vaults:3: v_misc_27, nicolae_vaults_border_crossing, v_misc_15, v_alt_pattern_5,
          v_pattern_5, vaults_mumra_chevron, hangedman_vaults_trim,
          ontoclasm_vaults_gateway, serial_ice_h, grunt_vaults_hallway_short
Vaults:4: ontoclasm_vaults_fault, v_misc_10, vaults_room_hallway,
          vaults_room_pools, ontoclasm_vaults_chip, nicolae_vaults_theta,
          v_misc_9, ontoclasm_vaults_loading_screen, serial_shops, shop
Depths:1: kennysheep_ogre_elephant_herders, enter_ziggurat_c, serial_glass,
          glass_columns_c, glass_columns_a, pf_hell_entry_great_geh,
          grunt_pan_entry_zigzag, guppyfry_shop_venom, minmay_shop_grove
Depths:2: nooodl_glass_maze, serial_bayou_pond_a, grunt_hell_entry_dis_mu
Depths:3: lemuel_vampire_tower, corexii_hall_statues_x,
          grunt_pan_entry_in_and_out, hell_entry, minmay_misc_feat_tower
Depths:4: grunt_house_of_mirrors, abyss_entry_crystal, hell_entry,
          serial_bayou_pond_d, kennysheep_generic_room_6
Depths:5: hangedman_spin_cycle, hell_entry, serial_shops
Zot:1:    zot_minivault_3
Zot:2:    grunt_ministairs_13, grunt_megastairs_2
Zot:3:    lemuel_lake_of_fire
Lab:      labyrinth_spiral, nicolae_lab_starburst, nicolae_lab_plus
Bailey:   bailey_axe_bossmonster_kennysheep, bailey

Skill      XL: |  1  2  3  4  5  6  7  8  9 10 11 12 13 14 15 16 17 18 19 20 21 22 23 24 |
---------------+-------------------------------------------------------------------------+-----
Fighting       | 2 3 4 5 6 7 8 9 10 11 12 15 17 19 20 21 22 23 | 23.9
Maces & Flails | 1 2 5 7 10 11 12 13 | 13.1
Dodging        | 3 5 7 9 13 18 22 25 | 25.5
Axes           | 4 6 9 11 13 14 17 | 17.9
Armour         | 2 5 7 9 10 11 13 14 15 16 17 18 19 | 19.1
Shields        | 2 5 7 10 12 14 16 18 19 20 21 | 21.0
Stealth        | |  1.5
Spellcasting   | |  1.3
Conjurations   | |  0.6
Fire Magic     | |  2.1

Action                   |  1- 3 |  4- 6 |  7- 9 | 10-12 | 13-15 | 16-18 | 19-21 | 22-24 | 25-27 || total
-------------------------+-------+-------+-------+-------+-------+-------+-------+-------+-------++-------
Melee: Club              |    63 |       |       |       |       |       |       |       |       ||    63
       Unarmed           |     8 |       |       |       |       |       |       |       |       ||     8
       Headbutt          |    17 |    31 |    68 |    63 |   194 |   350 |   588 |   443 |     2 ||  1756
       Mace              |    35 |   161 |       |       |       |       |       |       |       ||   196
       Hand axe          |       |    49 |   451 |   108 |       |       |       |       |       ||   608
       Quarterstaff      |       |    13 |       |       |       |       |       |       |       ||    13
       Broad axe         |       |       |       |   369 |   931 |   615 |    15 |       |       ||  1930
       Battleaxe         |       |       |       |    19 |       |       |       |       |       ||    19
       Flail             |       |       |       |     2 |     8 |     4 |       |       |       ||    14
       Demon whip        |       |       |       |       |       |   805 |  2142 |  1486 |    27 ||  4460
       War axe           |       |       |       |       |       |     3 |       |    10 |       ||    13
 Cast: Flame Tongue      |       |     1 |       |       |       |       |       |       |       ||     1
Invok: Berserk           |       |     5 |     8 |    10 |     8 |     9 |     6 |     8 |     1 ||    55
       Burn Spellbooks   |       |     1 |     1 |     3 |       |     5 |     3 |     3 |       ||    16
       Brothers in Arms  |       |       |     1 |     4 |       |       |     1 |     2 |       ||     8
       Trog's Hand       |       |       |       |     2 |       |     1 |     1 |     2 |       ||     6
Evoke: Wand              |       |       |       |       |       |       |       |     1 |       ||     1
  Use: Scroll            |     1 |     6 |     8 |    15 |     8 |    10 |     9 |    29 |     2 ||    88
       Potion            |       |     4 |       |     1 |       |     2 |     3 |     7 |       ||    17
 Stab: Sleeping          |     2 |       |       |       |       |       |       |       |       ||     2
       Distracted        |       |       |       |     1 |     1 |       |     1 |     4 |       ||     7
       Petrified         |       |       |       |       |     5 |       |       |       |       ||     5
       Petrifying        |       |       |       |       |     3 |       |       |       |       ||     3
       Confused          |       |       |       |       |       |     1 |       |       |       ||     1
       Invisible         |       |       |       |       |       |       |       |     1 |       ||     1
  Eat: Chunk             |     4 |    13 |    17 |    35 |    39 |    34 |    33 |    16 |       ||   191
       Ration            |       |     2 |     1 |     2 |     2 |     7 |     5 |     8 |       ||    27
Armor: Robe              |    19 |     9 |       |       |       |       |       |       |       ||    28
       Ring mail         |       |    55 |       |    43 |       |       |       |       |       ||    98
       Chain mail        |       |    31 |   213 |   146 |   215 |       |       |       |       ||   605
       Plate armour      |       |       |       |    70 |   113 |   170 |   366 |       |       ||   719
       Swamp dragon scal |       |       |       |       |       |   476 |     2 |       |       ||   478
       Fire dragon scale |       |       |       |       |       |       |   229 |   199 |       ||   428
       Ice dragon scales |       |       |       |       |       |       |       |    71 |       ||    71
Dodge: Dodged            |    98 |   176 |   147 |   196 |   161 |   422 |   411 |   487 |     8 ||  2106
Block: Other             |       |       |    19 |    15 |       |       |       |       |       ||    34
       Reflection        |       |       |     1 |    33 |     6 |    70 |       |       |       ||   110
       Large shield      |       |       |       |    99 |       |       |  1624 |  1020 |    10 ||  2753
       Shield            |       |       |       |   124 |   378 |   856 |     7 |       |       ||  1365

Table legend:
 A = Spawn XP
 B = Non-spawn XP
 C = Spawn XP percentage of total XP
 D = Spawn monster count
 E = Non-spawn monster count
 F = Spawn count percentage of total count
 G = Total turns spent on level
                    A         B        C        D         E        F      G
               +---------+---------+-------+---------+---------+-------+---------
         Total |       0 | 1099097 |   0.0 |       0 |    2185 |   0.0 | 63351
               +---------+---------+-------+---------+---------+-------+---------
           D:1 |       0 |      55 |   0.0 |       0 |      26 |   0.0 |  1907
           D:2 |       0 |     146 |   0.0 |       0 |      41 |   0.0 |  2508
           D:3 |       0 |     228 |   0.0 |       0 |      27 |   0.0 |  1519
           D:4 |       0 |     759 |   0.0 |       0 |      19 |   0.0 |  1724
           D:5 |       0 |     988 |   0.0 |       0 |      37 |   0.0 |  1071
           D:6 |       0 |    1311 |   0.0 |       0 |      74 |   0.0 |  1213
           D:7 |       0 |    1342 |   0.0 |       0 |      27 |   0.0 |  1348
           D:8 |       0 |    1947 |   0.0 |       0 |      17 |   0.0 |  1313
           D:9 |       0 |    5760 |   0.0 |       0 |      35 |   0.0 |  1505
          D:10 |       0 |    3639 |   0.0 |       0 |      31 |   0.0 |   835
          D:11 |       0 |    6058 |   0.0 |       0 |      54 |   0.0 |  1264
          D:12 |       0 |    7386 |   0.0 |       0 |      46 |   0.0 |  1703
          D:13 |       0 |    6294 |   0.0 |       0 |      27 |   0.0 |   704
          D:14 |       0 |   17776 |   0.0 |       0 |      71 |   0.0 |  1577
          D:15 |       0 |   13886 |   0.0 |       0 |      29 |   0.0 |   834
        Lair:1 |       0 |    3851 |   0.0 |       0 |      16 |   0.0 |  1188
        Lair:2 |       0 |    8922 |   0.0 |       0 |      51 |   0.0 |  2550
        Lair:3 |       0 |    2071 |   0.0 |       0 |      12 |   0.0 |   971
        Lair:4 |       0 |    7776 |   0.0 |       0 |      29 |   0.0 |  1002
        Lair:5 |       0 |    2400 |   0.0 |       0 |      22 |   0.0 |   955
        Lair:6 |       0 |   18900 |   0.0 |       0 |      45 |   0.0 |  1463
       Swamp:1 |       0 |    5453 |   0.0 |       0 |      14 |   0.0 |   631
       Swamp:2 |       0 |   14506 |   0.0 |       0 |      40 |   0.0 |  1346
       Swamp:3 |       0 |   12603 |   0.0 |       0 |      30 |   0.0 |  1089
       Swamp:4 |       0 |   26889 |   0.0 |       0 |      62 |   0.0 |  1566
       Snake:1 |       0 |   29856 |   0.0 |       0 |      47 |   0.0 |  1403
       Snake:2 |       0 |   23062 |   0.0 |       0 |      44 |   0.0 |  2163
       Snake:3 |       0 |   28143 |   0.0 |       0 |      50 |   0.0 |  2000
       Snake:4 |       0 |   72570 |   0.0 |       0 |     117 |   0.0 |  2603
       Slime:1 |       0 |    5775 |   0.0 |       0 |      19 |   0.0 |    78
       Slime:2 |       0 |    8870 |   0.0 |       0 |      11 |   0.0 |   121
       Slime:3 |       0 |    4905 |   0.0 |       0 |       8 |   0.0 |   155
       Slime:4 |       0 |    9900 |   0.0 |       0 |      13 |   0.0 |   164
       Slime:5 |       0 |   38933 |   0.0 |       0 |      44 |   0.0 |   373
         Orc:1 |       0 |    5831 |   0.0 |       0 |      26 |   0.0 |   669
         Orc:2 |       0 |   17659 |   0.0 |       0 |     128 |   0.0 |  2242
      Vaults:1 |       0 |   50308 |   0.0 |       0 |     112 |   0.0 |  1818
      Vaults:2 |       0 |   52349 |   0.0 |       0 |      86 |   0.0 |  1485
      Vaults:3 |       0 |   77780 |   0.0 |       0 |     118 |   0.0 |  1809
      Vaults:4 |       0 |   21798 |   0.0 |       0 |      28 |   0.0 |  1217
      Depths:1 |       0 |   42970 |   0.0 |       0 |      60 |   0.0 |   959
      Depths:2 |       0 |   28401 |   0.0 |       0 |      36 |   0.0 |  1002
      Depths:3 |       0 |   55680 |   0.0 |       0 |      92 |   0.0 |  2315
      Depths:4 |       0 |   94332 |   0.0 |       0 |      81 |   0.0 |  1895
      Depths:5 |       0 |   72987 |   0.0 |       0 |      73 |   0.0 |  1433
         Zot:1 |       0 |   20508 |   0.0 |       0 |      15 |   0.0 |   927
         Zot:2 |       0 |   16571 |   0.0 |       0 |      11 |   0.0 |   142
         Zot:3 |       0 |   11621 |   0.0 |       0 |       9 |   0.0 |   168
         Zot:5 |       0 |  134296 |   0.0 |       0 |      53 |   0.0 |   868
           Lab |       0 |    1105 |   0.0 |       0 |       1 |   0.0 |   134
        Bailey |       0 |    1941 |   0.0 |       0 |      21 |   0.0 |   772
               +---------+---------+-------+---------+---------+-------+---------

Vault maps used:
D:1:      roderic_crossed_star, grunt_decor_fettered
D:2:      grunt_ministairs_6, cheibrodos_gnoll_hut
D:3:      overflow_temple_1_default, lemuel_doored_altar,
          nicolae_overflow_crystal_walls, serial_glass, glass_columns_b,
          glass_columns_b, uniq_jessica, uniq_crazy_yiuf_cottage
D:4:      first_ration, feat_on_display, uniq_natasha, uniq_eustachio
D:5:      lemuel_zombie_altar_yredelemnul, grunt_temple_overflow_open,
          temple_fountains, minmay_misc_feat_nine_boxes, trog_eyes_of_draining
D:6:      lemuel_castle_with_subvaults
D:7:      kennysheep_little_box, old_standard_altar, kiku_gazebo_pond_becter,
          lemuel_coloured_pillars_altar
D:8:      grunt_pizzeria, grunt_dithmenos_smoke_and_mirrors, uniq_pikel,
          uniq_grum
D:9:      minmay_the_grid_plus, hangedman_ru_absence, dpeg_oklobed_lair,
          enter_bailey_2
D:10:     kennysheep_blocky_room, david_orc_1_choice, serial_shops, shop
D:11:     minmay_misc_feat_doors
D:12:     special_room
D:13:     serial_shops, nicolae_shop_waterfront
D:14:     grunt_vaults_entry_tiered
D:15:     gammafunk_depths_entry_grave, minmay_fountain_box, uniq_kirke
Lair:1:   grunt_megastairs_3, serial_bayou_shore_b, infiniplex_staircase_pool,
          lemuel_fruit_tree, serial_bayou_shore_a
Lair:2:   minmay_snake_entry_six_corridors, nicolae_lair_grove_arrangements,
          lemuel_centaur_altar, uniq_sonja
Lair:3:   minmay_swamp_entry_eels
Lair:4:   serial_forest, infiniplex_forest_lined_3,
          infiniplex_forest_clump_curved, infiniplex_forest_lined_3,
          infiniplex_forest_clump_double, infiniplex_forest_diagonal,
          infiniplex_forest_lined_room_2, infiniplex_forest_clump_small,
          lab_entry_generic, serial_bayou_shore_b, serial_bayou_shore_b,
          uniq_snorg
Lair:5:   minmay_slime_entry_jelly_boxes, grunt_megastairs_4
Lair:6:   grunt_lair_end_beastmaster, st_stairs_6
Swamp:1:  evilmike_swamp_ruin_house_1
Swamp:2:  evilmike_swamp_ruin_house_3
Swamp:3:  infiniplex_staircase_pool_2, uniq_aizul
Swamp:4:  swamp_icy, uniq_jorgrun
Snake:1:  hangedman_cross_stitches, basic_altar, uniq_louise, uniq_roxanne,
          uniq_donald
Snake:2:  grunt_megastairs_1, minmay_shoptagon
Snake:3:  serial_shops, shop
Snake:4:  grunt_snake_rune_pools
Slime:3:  cheibrodos_slime_lost_civilization_9, nicolae_slime_barrier
Slime:4:  nicolae_slime_jelly_donut, cheibrodos_slime_lost_civilization_5
Orc:1:    serial_shops, shop_statue, uniq_fannar
Orc:2:    st_orc_congregation
Vaults:1: v_misc_19, vaults_room_stairs_pillars,
          vaults_room_grunt_arrival_ludios, grunt_vaults_hallway_short,
          v_misc_26, v_misc_31, v_misc_19, hangedman_vaults_nails, serial_shops,
          shop
Vaults:2: grunt_vaults_focal, vaults_standard_mumra_x, ontoclasm_vaults_shout,
          nicolae_vaults_specimen_jars, vaults_room_door_hall,
          nicolae_vaults_big_ls, dpeg_vaults_monster_box,
          grunt_vaults_trifunnel, hangedman_vaults_stagger,
          ontoclasm_vaults_ring_small, vaults_room_grid,
          nicolae_vaults_little_squares_3, minmay_crypt_entry_simple_walls,
          v_alt_pattern_4
Vaults:3: v_misc_27, nicolae_vaults_border_crossing, v_misc_15, v_alt_pattern_5,
          v_pattern_5, vaults_mumra_chevron, hangedman_vaults_trim,
          ontoclasm_vaults_gateway, serial_ice_h, grunt_vaults_hallway_short
Vaults:4: ontoclasm_vaults_fault, v_misc_10, vaults_room_hallway,
          vaults_room_pools, ontoclasm_vaults_chip, nicolae_vaults_theta,
          v_misc_9, ontoclasm_vaults_loading_screen, serial_shops, shop
Depths:1: kennysheep_ogre_elephant_herders, enter_ziggurat_c, serial_glass,
          glass_columns_c, glass_columns_a, pf_hell_entry_great_geh,
          grunt_pan_entry_zigzag, guppyfry_shop_venom, minmay_shop_grove
Depths:2: nooodl_glass_maze, serial_bayou_pond_a, grunt_hell_entry_dis_mu
Depths:3: lemuel_vampire_tower, corexii_hall_statues_x,
          grunt_pan_entry_in_and_out, hell_entry, minmay_misc_feat_tower
Depths:4: grunt_house_of_mirrors, abyss_entry_crystal, hell_entry,
          serial_bayou_pond_d, kennysheep_generic_room_6
Depths:5: hangedman_spin_cycle, hell_entry, serial_shops
Zot:1:    zot_minivault_3
Zot:2:    grunt_ministairs_13, grunt_megastairs_2
Zot:3:    lemuel_lake_of_fire
Lab:      labyrinth_spiral, nicolae_lab_starburst, nicolae_lab_plus
Bailey:   bailey_axe_bossmonster_kennysheep, bailey
